 Dungeon Crawl Stone Soup version 0.31-a0-965-g8a8ce12e04 (webtiles) character file.

Game seed: 276257000254322083

544 Shayle the Ducker (level 7, -12/43 HPs)
             Began as a Tengu Hexslinger on Oct 26, 2023.
             Mangled by a mummy (17 damage)
             ... in an ossuary.
             The game lasted 00:11:53 (3602 turns).

Shayle the Ducker (Tengu Hexslinger)                Turns: 3602, Time: 00:11:53

Health: -12/43     AC:  5    Str:  9    XL:     7   Next: 27%
Magic:  9/9        EV: 16    Int: 13    God:
Gold:   128        SH:  0    Dex: 18    Spells: 6/8 levels left

rFire   . . .        m - +0 dagger (vamp)
rCold   . . .        (no shield)
rNeg    . . .        i - +0 ring mail
rPois   .            (helmet restricted)
rElec   .            (no cloak)
rCorr   .            (no gloves)
SInv    .            (boots unavailable)
Will    .....        (no amulet)
Stlth   ++           (no ring)
HPRegen 0.27/turn    (no ring)
MPRegen 0.11/turn

%: acrobat
@: flying
A: beak, talons 3, evasive flight, acrobatic
a: no special abilities


You were in an ossuary.
You visited 1 branch of the dungeon, and saw 4 of its levels.
You also visited: Ossuary.

You collected 128 gold pieces.

Inventory:

Hand Weapons
 a - a +1 sling
 m - a +0 vampiric dagger (weapon)
Armour
 c - a +0 robe
 f - the -2 hat of the Alchemist {rElec rPois rF+ rC+ rN+ Will+ rMut rCorr}
   (You acquired it on level 2 of the Dungeon)

   rF+:       It protects you from fire.
   rC+:       It protects you from cold.
   rElec:     It insulates you from electricity.
   rPois:     It protects you from poison rN+: It protects you from negative
   energy.
   Will+:     It increases your willpower.
   rCorr:     It protects you from acid and corrosion.
   rMut:      It protects you from mutation.
 i - a +0 ring mail (worn)
Scrolls
 b - a scroll of poison
 e - a scroll of amnesia
 g - 2 scrolls of vulnerability {unknown}
 h - a scroll of fear {unknown}
 k - a scroll of immolation {unknown}
 n - a scroll of noise {unknown}
 q - a scroll of silence {unknown}
 r - 2 scrolls of identify {unknown}
 s - 2 scrolls of teleportation {unknown}
Potions
 d - a potion of magic {unknown}
 j - a potion of cancellation {unknown}
 l - a potion of mutation {unknown}
 o - 2 potions of enlightenment {unknown}
 p - a potion of invisibility {unknown}
 t - a potion of berserk rage {unknown}
 u - a potion of haste {unknown}


   Skills:
 + Level 4.3 Fighting
 - Level 2.1 Ranged Weapons
 + Level 5.1 Dodging
 + Level 4.4 Stealth
 - Level 1.0 Spellcasting
 - Level 2.1 Hexes
 - Level 1.1 Fire Magic


You had 6 spell levels left.
You knew the following spells:

 Your Spells              Type           Power      Damage    Failure   Level
a - Jinxbite              Hex            12%        N/A       43%         2

Your spell library contained the following spells:

 Spells                   Type           Power      Damage    Failure   Level
 Slow                     Hex            24%        N/A       32%         1
 Shock                    Conj/Air       0%         1d3       61%         1
 Confusing Touch          Hex            6%         N/A       67%         3
 Sigil of Binding         Hex            6%         N/A       67%         3
 Cigotuvi's Dreadful Rot  Necr/Pois/Air  0%         N/A       75%         2
 Poisonous Vapours        Pois/Air       0%         N/A       75%         2
 Sublimation of Blood     Necr           0%         N/A       75%         2
 Wereblood                Tmut           0%         N/A       75%         2
 Inner Flame              Hex/Fire       4%         N/A       77%         3
 Vampiric Draining        Necr           0%         2d6       93%         3
 Cause Fear               Hex            3%         N/A       97%         4
 Dimensional Bullseye     Hex/Tloc       1%         N/A       99%         4
 Silence                  Hex/Air        1%         N/A       100%        5
 Summon Hydra             Summ           0%         N/A       100%        7
 Maxwell's Capacitive Co  Air            0%         ∞         100%        8


Dungeon Overview and Level Annotations

Branches:
Dungeon (4/15)            Ossuary (1/1)
 Temple: D:4-7

Altars:

Shops:
D:2 (

Annotations:
D:3 1 runed translucent door, Crazy Yiuf


Innate Abilities, Weirdness & Mutations

You have a beak for a mouth.
You have claws for feet.
Your magical flight helps you evade attacks. (EV +4)
You can magically evade attacks while moving or waiting.


Message History

You barely miss the mummy. You claw the mummy.
You peck the mummy, but do no damage.
The mummy is heavily damaged.
The mummy hits you!
You hit the mummy but do no damage. You claw the mummy. You peck the mummy.
The mummy is almost destroyed.
The mummy completely misses you. The mummy completely misses you.
There is an open door, spattered with blood here.
You hit the mummy but do no damage.
The mummy is almost destroyed.
You hit the mummy but do no damage. Your kick misses the mummy.
You peck the mummy, but do no damage.
The mummy is almost destroyed.
The mummy barely misses you. The mummy closely misses you.
You hit the mummy but do no damage.
The mummy is almost destroyed.
The mummy misses you.
You hit the mummy.
You destroy the mummy!
The mummy hits you.
You barely miss the mummy. You claw the mummy.
The mummy is lightly damaged.
The mummy closely misses you.
You hit the mummy. Your peck misses the mummy.
The mummy is moderately damaged.
You hit the mummy but do no damage. You claw the mummy, but do no damage.
The mummy is moderately damaged.
The mummy closely misses you.
You hit the mummy but do no damage. You claw the mummy, but do no damage.
You peck the mummy.
The mummy is heavily damaged.
You hit the mummy. Your peck misses the mummy.
The mummy is heavily damaged.
The mummy hits you!
* * * LOW HITPOINT WARNING * * *
You hit the mummy but do no damage. You peck the mummy.
The mummy is severely damaged.
The mummy hits you!
You die...

#..#...#...#...#...#..
#..#.#+######+####+###
#..'.# #..### #..#.#
#..#.# #..'.######
#..###....#
#..#.@....#.......
#..#M#....#...!!!.
#..'.#....#..??$!?
#..########..!M∩$!
#..#M'....#..??$!?
#..#.#....#...!?!.
#..'.#....#..M....
#..###....MM......
#..#.#################


You could see a mummy.

Vanquished Creatures
  A black bear (D:2)
  A phantom (D:2)
  A centaur zombie (Ossuary)
  2 orc priests (D:3)
  A hound (D:4)
  Jessica (D:3)
  An iguana (D:4)
  6 mummies (Ossuary)
  2 gnolls
  2 adders (D:2)
  3 adder zombies (Ossuary)
  2 dart slugs
  2 orcs (D:3)
  8 endoplasms
  A giant cockroach (D:2)
  6 goblins
  4 hobgoblins
  3 jackals (D:3)
  A quokka (D:3)
  6 ball pythons
  3 bats
  3 frilled lizards
  2 gnoll zombies (Ossuary)
  4 goblin zombies (Ossuary)
  5 hobgoblin zombies (Ossuary)
  3 kobolds
  2 kobold zombies (Ossuary)
  An orc zombie (Ossuary)
  3 quokka zombies (Ossuary)
  5 rats
  5 rat zombies (Ossuary)
90 creatures vanquished.

Notes
Turn   | Place    | Note
-------+----------+-------------------------------------------
     0 | D:1      | Shayle the Tengu Hexslinger began the quest for the Orb.
     0 | D:1      | Reached XP level 1. HP: 12/12 MP: 3/3
   283 | D:1      | Got the Vellum of the Sky
   350 | D:1      | Reached XP level 2. HP: 16/16 MP: 4/4
   685 | D:1      | Reached skill level 1 in Stealth
   982 | D:2      | Reached XP level 3. HP: 10/21 MP: 5/5
   985 | D:2      | Learned a level 2 spell: Jinxbite
  1107 | D:2      | Reached skill level 3 in Dodging
  1193 | D:2      | Noticed a black bear
  1201 | D:2      | Killed a black bear
  1202 | D:2      | Reached XP level 4. HP: 4/27 MP: 3/6
  1202 | D:2      | Reached XP level 5. HP: 5/32 MP: 3/7
  1441 | D:2      | Identified a scroll of acquirement
  1441 | D:2      | Acquired the -2 hat of the Alchemist {rElec rPois rF+ rC+
                  | rN+ Will+ rMut rCorr}
  1441 | D:2      | Found the -2 hat of the Alchemist {rElec rPois rF+ rC+ rN+
                  | Will+ rMut rCorr}
  1480 | D:2      | Found Nust's Weapon Shoppe.
  1628 | D:2      | Noticed a phantom
  1656 | D:2      | Killed a phantom
  1657 | D:2      | Reached skill level 4 in Dodging
  1750 | D:2      | Reached XP level 6. HP: 37/37 MP: 8/8
  2242 | D:3      | Noticed Jessica
  2264 | D:3      | Killed Jessica
  2413 | D:3      | Found a runed translucent door.
  2414 | D:3      | Noticed Crazy Yiuf
  2739 | D:4      | Identified the +0 robe "Qeluz" {Drain rElec Regen+}
  2960 | D:4      | Found a sand-covered staircase.
  2965 | Ossuary  | Entered an ossuary
  3097 | Ossuary  | Gained mutation: Your magical flight helps you evade
                  | attacks. (EV +4) [Tengu growth]
  3097 | Ossuary  | Reached XP level 7. HP: 42/43 MP: 9/9
  3349 | Ossuary  | Reached skill level 5 in Dodging
  3602 | Ossuary  | Mangled by a mummy

Illustrated notes

Levels and vault maps discovered:
D:1:      roderic_dead_forest, layout_basic, wad_floor_pattern_2, hex_tiny,
          hangedman_decor_points, minmay_misc_feat_cross
D:2:      layout_basic, serial_shops, shop
D:3:      layout_basic, hangedman_decor_diamond_cutter,
          minmay_tree_intersection, uniq_jessica, uniq_crazy_yiuf_cottage
D:4:      layout_loops_cross, enter_ossuary_5, serial_glass, glass_columns_b,
          glass_columns_a, glass_columns_c, glass_columns_c, glass_columns_a,
          glass_columns_a, glass_columns_c, glass_columns_a, glass_columns_c,
          glass_columns_b, glass_columns_a, glass_columns_a, glass_columns_c,
          glass_columns_b, minmay_unequal, uniq_robin
Ossuary:  ossuary_boxes_badplayer

Skill      XL: |  1  2  3  4  5  6  7 |
---------------+----------------------+-----
Stealth        | 1 2 3 4 |  4.4
Fighting       | 2 3 4 |  4.3
Dodging        | 3 4 5 |  5.1
Ranged Weapons | |  2.1
Spellcasting   | |  1.0
Hexes          | |  2.1
Fire Magic     | |  1.1

Action                     |  1- 3 |  4- 6 |  7- 9 || total
---------------------------+-------+-------+-------++-------
  Melee: Dagger            |       |   105 |    95 ||   200
         Kick              |       |    43 |    40 ||    83
         Peck              |       |    26 |    27 ||    53
         Punch             |       |     1 |     2 ||     3
   Fire: Sling             |    66 |    65 |       ||   131
   Cast: Jinxbite          |     2 |       |       ||     2
    Use: Potion            |     1 |     4 |       ||     5
         Scroll            |       |     2 |       ||     2
   Stab: Sleeping          |       |     5 |    10 ||    15
 Armour: Robe              |    32 |       |       ||    32
         Ring mail         |       |    81 |    16 ||    97
  Dodge: Dodged            |    23 |   105 |    55 ||   183

Table legend: (Time is in decaauts)
 A = Elapsed time spent in this place.
 B = Non-inter-level travel time spent in this place.
 C = Inter-level travel time spent in this place.
 D = Time resting spent in this place.
 E = Time spent auto-exploring this place.
 F = Levels seen in this place.
 G = Mean time per level.
                   A        B        C        D        E       F      G
               +--------+--------+--------+--------+--------+-----+--------+
         Total |   3650 |   3588 |     62 |    607 |   1744 |   5 |  730.0 |
       Dungeon |   3013 |   2951 |     62 |    377 |   1689 |   4 |  753.2 |
       Ossuary |    636 |    636 |      0 |    230 |     55 |   1 |  636.0 |
               +--------+--------+--------+--------+--------+-----+--------+

Top non-repeatable levels by time:
     D:2: 1027 daAuts
     D:1: 950 daAuts
     D:3: 743 daAuts
 Ossuary: 636 daAuts
     D:4: 291 daAuts
